 Dungeon Crawl Stone Soup version 0.25.1-1-g288607f5aa (webtiles) character file.

Game seed: 1039846106994420573

20057 protoss039 the Eclecticist (level 12, -4/59 HPs)
             Began as a Deep Elf Earth Elementalist on July 20, 2020.
             Was an Elder of Vehumet.
             Shot with an arrow by Nessos (22 damage)
             ... on level 13 of the Dungeon.
             The game lasted 01:29:46 (16205 turns).

protoss039 the Eclecticist (DEEE)                  Turns: 16205, Time: 01:29:47

Health: -4/59      AC:  9    Str:  5    XL:     12   Next: 42%
Magic:  35/45      EV: 12    Int: 26    God:    Vehumet [****..]
Gold:   620        SH:  5    Dex: 15    Spells: 33/48 levels left

rFire    + . .     SeeInvis .   q - staff of earth
rCold    . . .     Gourm    .   i - +0 buckler
rNeg     . . .     Faith    .   x - +1 leather armour {rF+}
rPois    .         Spirit   .   o - +0 helmet
rElec    .         Reflect  .   c - +0 cloak
rCorr    .         Harm     .   t - +0 pair of gloves
MR       +....                  I - +0 pair of boots
Stlth    ++........             p - amulet of regeneration
HPRegen  0.59/turn              l - ring of wizardry
MPRegen  0.29/turn              Q - ring of magical power

@: lethally poisoned (-4 -> -14), lightly drained
A: no striking features
a: Renounce Religion


You were on level 13 of the Dungeon.
You worshipped Vehumet.
Vehumet was greatly pleased with you.
You were not hungry.

You visited 2 branches of the dungeon, and saw 14 of its levels.

You collected 736 gold pieces.
You spent 116 gold pieces at shops.

Inventory:

Missiles
 b - 152 stones (quivered)
Armour
 c - a +0 cloak (worn)
 i - a +0 buckler (worn)
 o - a +0 helmet (worn)
 t - a +0 pair of gloves (worn)
 x - a +1 leather armour of fire resistance (worn)
 I - a +0 pair of boots (worn)
 S - +0 acid dragon scales
Magical Staves
 q - an uncursed staff of earth (weapon)
Jewellery
 l - a ring of wizardry (left hand)
 p - an amulet of regeneration (around neck)
 s - an uncursed ring of flight
 F - an uncursed ring of poison resistance
 M - a +4 ring of evasion {unknown}
 Q - a ring of magical power (right hand)
Wands
 v - a wand of flame (16)
 y - a wand of digging (2)
 H - a wand of enslavement (9)
 J - a wand of polymorph (8)
 L - a wand of disintegration (9)
 R - a wand of clouds (8)
 T - a wand of random effects (18)
Scrolls
 a - 4 scrolls of noise {unknown}
 g - 5 scrolls of fog {unknown}
 h - a scroll of enchant weapon
 j - 5 scrolls of remove curse
 r - 6 scrolls of amnesia {unknown}
 A - a scroll of identify
 D - a scroll of fear
 G - 2 scrolls of immolation
 N - 2 scrolls of magic mapping
Potions
 e - a potion of mutation {unknown}
 f - 5 potions of curing
 k - a potion of flight {unknown}
 n - a potion of cancellation {unknown}
 u - 2 potions of lignification {unknown}
 w - 2 potions of degeneration {unknown}
 z - 3 potions of haste {unknown}
 B - a potion of ambrosia {unknown}
 C - 4 potions of might {unknown}
 E - 2 potions of stabbing {unknown}
 O - a potion of heal wounds {unknown}
Comestibles
 d - 16 rations


   Skills:
 - Level 5.0(4.5) Armour
 - Level 3.0(2.6) Dodging
 - Level 3.0(2.6) Stealth
 - Level 4.0(3.5) Shields
 + Level 18.5(17.9) Spellcasting
 - Level 4.0(3.5) Conjurations
 - Level 2.0(1.6) Transmutations
 - Level 12.0(11.4) Earth Magic


You had 33 spell levels left.
You knew the following spells:

 Your Spells              Type           Power        Failure   Level  Hunger
a - Sandblast             Erth           ######       1%          1    None
b - Passwall              Tmut/Erth      ######..     1%          2    None
c - Stone Arrow           Conj/Erth      ######       1%          3    None
d - Petrify               Tmut/Erth      ######..     1%          4    None
e - Lee's Rapid Deconstr  Erth           #######...   1%          5    None

Your spell library contained the following spells:

 Spells                   Type           Power        Failure   Level  Hunger
 Iskenderun's Mystic Bla  Conj/Tloc      ####....     1%          4    None
 Beastly Appendage        Tmut           ####..       1%          1    None
 Corona                   Hex            ###....      1%          1    None
 Summon Butterflies       Summ           ###.....     1%          1    None
 Sticks to Snakes         Tmut           ####....     1%          2    None
 Inner Flame              Hex/Fire       ###.....     1%          3    None
 Leda's Liquefaction      Hex/Erth       ######....   1%          4    None
 Slow                     Hex            ###.....     2%          2    None
 Spider Form              Tmut/Pois      ####......   3%          3    None
 Call Canine Familiar     Summ           ###.....     4%          3    None
 Portal Projectile        Hex/Tloc       ###...       4%          3    None
 Ice Form                 Ice/Tmut       ####....     10%         4    None
 Cause Fear               Hex            ###.......   14%         4    None
 Summon Ice Beast         Ice/Summ       ###.....     14%         4    None
 Blade Hands              Tmut           ####......   19%         5    None
 Summon Mana Viper        Hex/Summ       ###.....     34%         5    None
 Summon Hydra             Summ           ###.......   100%        7    #####..


Dungeon Overview and Level Annotations

Branches:
Dungeon (13/15)            Temple (1/1) D:7            Lair (0/6) D:9
    Orc (0/2) D:10
 Vaults: D:13-14

Altars:
Ashenzari
Cheibriados
Dithmenos
Elyvilon
Fedhas
Gozag
Hepliaklqana
Kikubaaqudgha
Makhleb
Nemelex Xobeh
Okawaru
Qazlal
Ru
Sif Muna
Trog
Uskayaw
Vehumet
Wu Jian
Xom
Yredelemnul
Zin
The Shining One

Shops:
D:8 (   D:12 %?*

Annotations:
D:4 Duvessa
D:7 1 exclusion
D:8 3 runed translucent doors, IHuginn's ghost, novice TrBe
D:10 3 runed translucent doors, Skimidon's ghost, journeyman MiFi
D:12 1 exclusion
D:13 Nessos


Message History

Aiming: Lee's Rapid Deconstruction (safe; 1% risk of failure)
Press: ? - help, Dir - move target cursor A rock wall.
You feel a surge of power!
The wall shatters!
The blast of rock fragments hits Nessos!!!
Nessos is heavily wounded.
Nessos shoots an arrow.
The arrow hits you.
You are poisoned.
Nessos shoots an arrow.
The arrow hits you!! The arrow burns you.
You are more poisoned.
Casting: Lee's Rapid Deconstruction (safe; 1% risk of failure)
Confirm with . or Enter, or press ? or * to list all spells.
Aiming: Lee's Rapid Deconstruction (safe; 1% risk of failure)
Press: ? - help, Dir - move target cursor A rock wall.
You feel a surge of power!
The wall shatters!
The blast of rock fragments hits Nessos!
Nessos is severely wounded.
You feel sick.
Nessos shoots an arrow.
The arrow hits you!!
You die...

*,,,,,,,* *,,,,,,,*#c#.###.#
***,***** ***.#****#.#.###.#
**+** #.# #.#..##(# **,,,** #.#
#.##.##.# **,,,,,** ###.#
#.##.##.# **,,,,,,,** ##.#.#
#.((....#
*,,,,,,,,.####....#########....##
+,,,,,,,,.'....(.................
*,,,,,,,,,***#..@.#*#######....##
**,,,,,,,** ##.#(##### #.....#
**,,,,,** #..§§...# #####.#
**,,,** #.#☼###.# #.# **+** #.#§#
*,* #.# *,* #..§# *,* #.# *,*
#...# *,* #.# **,** #c..#**,* #.#
**,,,** #....,,,* #.#


You could see Nessos.

Vanquished Creatures
  An orc warlord (D:13)
  Josephine (D:13)
  Erica (D:8)
  2 two-headed ogres
  A tengu warrior (D:12)
  An orc knight (D:13)
  A deep elf mage (D:12)
  A cyclops (D:12)
  A komodo dragon (D:9)
  5 trolls
  A polar bear (shapeshifter) (D:12)
  Grinder (D:5)
  5 slime creatures (D:12)
  2 hippogriffs
  2 shadows
  9 yaks (D:9)
  A vampire (D:9)
  3 wyverns
  Eustachio (D:4)
  5 wraiths (D:13)
  A water elemental (D:12)
  5 hungry ghosts
  An acid dragon (D:11)
  17 orc warriors
  3 sky beasts
  2 phantoms
  4 ice beasts
  A necrophage (D:10)
  7 ogres
  2 eyes of draining (D:6)
  10 centaurs
  A crocodile (D:11)
  4 bullfrogs
  2 big kobolds (D:8)
  3 scorpions
  Dowan (D:4)
  13 killer bees (D:8)
  A howler monkey (D:9)
  3 wights (D:10)
  7 crimson imps
  A bullfrog zombie (D:5)
  A quasit (D:6)
  7 hounds
  A jelly (D:11)
  A centaur skeleton (D:8)
  2 centaur zombies
  3 bullfrog skeletons
  7 orc priests
  10 orc wizards
  2 iguanas
  7 worker ants
  A hound skeleton (D:11)
  A hound zombie (D:5)
  11 adders
  6 gnolls
  A howler monkey skeleton (D:8)
  2 shadow imps
  2 oozes
  3 worms
  2 adder zombies
  A dart slug (D:1)
  7 leopard geckos
  34 orcs
  8 bats
  3 bat skeletons (D:9)
  A bat zombie (D:9)
  7 giant cockroaches
  12 goblins
  10 hobgoblins
  3 jackals (D:8)
  5 quokkas
  4 frilled lizards
  13 kobolds
  A leopard gecko skeleton (D:5)
  A quokka zombie (D:9)
  12 rats
326 creatures vanquished.

Vanquished Creatures (others)
  3 plants
3 creatures vanquished.

Grand Total: 329 creatures vanquished

Notes
Turn   | Place    | Note
-------+----------+-------------------------------------------
     0 | D:1      | protoss039 the Deep Elf Earth Elementalist began the quest
                  | for the Orb.
     0 | D:1      | Reached XP level 1. HP: 10/10 MP: 6/6
   121 | D:1      | Reached XP level 2. HP: 15/15 MP: 8/8
   846 | D:2      | Reached XP level 3. HP: 19/19 MP: 4/9
   892 | D:2      | Learned a level 2 spell: Passwall
   896 | D:2      | Learned a level 3 spell: Stone Arrow
  1273 | D:2      | Reached skill level 4 in Spellcasting
  1506 | D:2      | Reached XP level 4. HP: 24/24 MP: 8/12
  2453 | D:3      | Reached skill level 5 in Spellcasting
  2453 | D:3      | Reached XP level 5. HP: 24/28 MP: 6/14
  2527 | D:3      | Found a hide-covered altar of Uskayaw.
  3104 | D:4      | Reached skill level 5 in Earth Magic
  3251 | D:4      | Learned a level 4 spell: Petrify
  3258 | D:4      | Noticed Dowan
  3259 | D:4      | Noticed Duvessa
  3333 | D:4      | Noticed an ogre
  3340 | D:4      | Killed an ogre
  3340 | D:4      | Reached skill level 6 in Spellcasting
  3340 | D:4      | Reached XP level 6. HP: 32/32 MP: 2/17
  3342 | D:4      | Reached skill level 1 in Conjurations
  3509 | D:4      | Noticed Eustachio
  3521 | D:4      | Learned a level 5 spell: Lee's Rapid Deconstruction
  3529 | D:4      | Killed Eustachio
  3836 | D:4      | Killed Dowan
  3836 | D:4      | Reached skill level 7 in Spellcasting
  3836 | D:4      | Reached XP level 7. HP: 36/36 MP: 9/19
  4279 | D:5      | Entered Level 5 of the Dungeon
  4301 | D:5      | Reached skill level 1 in Shields
  4324 | D:5      | Reached skill level 1 in Armour
  4731 | D:5      | Noticed Grinder
  4735 | D:5      | Paralysed by Grinder for 2 turns
  4739 | D:5      | Killed Grinder
  4890 | D:5      | Reached XP level 8. HP: 41/41 MP: 14/20
  4991 | D:5      | Found a glowing silver altar of Zin.
  6451 | D:6      | Found a shattered altar of Ashenzari.
  6697 | D:5      | Reached skill level 8 in Spellcasting
  7102 | D:6      | Found a bloodstained altar of Trog.
  7112 | D:6      | Reached XP level 9. HP: 45/45 MP: 12/23
  7128 | D:6      | Reached skill level 9 in Spellcasting
  7930 | D:7      | Found a staircase to the Ecumenical Temple.
  7939 | Temple   | Entered the Ecumenical Temple
  8143 | Temple   | Became a worshipper of Vehumet
  8754 | D:8      | Found Tosmunn's Weapon Shoppe.
  9129 | D:8      | Reached skill level 10 in Spellcasting
  9482 | D:8      | Noticed Erica
  9488 | D:8      | Killed Erica
  9488 | D:8      | Reached skill level 11 in Spellcasting
  9489 | D:8      | Reached * piety under Vehumet
  9489 | D:8      | Offered knowledge of Magic Dart by Vehumet.
  9798 | D:8      | Reached XP level 10. HP: 37/50 MP: 24/27
 10119 | D:8      | Found a basalt altar of Yredelemnul.
 10122 | D:8      | Found a sparkling altar of Nemelex Xobeh.
 10126 | D:8      | Found a glowing golden altar of the Shining One.
 10192 | D:8      | Found a runed translucent gate.
 10192 | D:8      | Found a runed translucent gate.
 10192 | D:8      | Found a runed translucent gate.
 10194 | D:8      | Noticed IHuginn's ghost (novice TrBe)
 10194 | D:8      | Noticed a ten-headed hydra
 10510 | D:9      | Reached skill level 12 in Spellcasting
 10510 | D:9      | Reached skill level 10 in Earth Magic
 10661 | D:9      | Reached ** piety under Vehumet
 10661 | D:9      | Offered knowledge of Freeze by Vehumet.
 10701 | D:9      | Reached skill level 13 in Spellcasting
 11083 | D:9      | Found a glowing golden altar of the Shining One.
 11274 | D:9      | Found an ancient bone altar of Kikubaaqudgha.
 11412 | D:9      | Found a staircase to the Lair.
 11435 | D:9      | Reached skill level 14 in Spellcasting
 11600 | D:9      | Offered knowledge of Conjure Flame by Vehumet.
 11629 | D:9      | Reached skill level 15 in Spellcasting
 11633 | D:9      | Reached XP level 11. HP: 39/54 MP: 11/32
 11774 | D:10     | Entered Level 10 of the Dungeon
 11906 | D:10     | Found a staircase to the Orcish Mines.
 12067 | D:10     | Noticed Skimidon's ghost (journeyman MiFi)
 12107 | D:10     | Found a shimmering altar of Xom.
 12160 | D:10     | Found a runed translucent gate.
 12160 | D:10     | Found a runed translucent gate.
 12160 | D:10     | Found a runed translucent gate.
 12207 | D:10     | Reached *** piety under Vehumet
 12606 | D:10     | Noticed a two-headed ogre
 12624 | D:10     | Killed a two-headed ogre
 13255 | D:11     | Found a radiant altar of Vehumet.
 13524 | D:11     | Identified a scroll of acquirement
 13527 | D:12     | Found Niom's Assorted Antiques.
 13544 | D:12     | Offered knowledge of Dazzling Flash by Vehumet.
 13690 | D:12     | Reached skill level 16 in Spellcasting
 13750 | D:12     | Noticed a two-headed ogre
 13832 | D:12     | Killed a two-headed ogre
 14007 | D:12     | Noticed a deep elf mage
 14010 | D:12     | Killed a deep elf mage
 14062 | D:12     | Noticed a two-headed ogre
 14092 | D:12     | Found Lifiah's Food Shoppe.
 14210 | D:12     | Reached **** piety under Vehumet
 14422 | D:12     | Found Pymell's Assorted Antiques.
 14425 | D:12     | Bought a viscous sapphire potion for 28 gold pieces
 14425 | D:12     | Bought a scroll labeled JUOCHA UNOFIYR for 32 gold pieces
 14425 | D:12     | Bought a bubbling orange potion for 28 gold pieces
 14425 | D:12     | Bought a glowing yellow potion for 28 gold pieces
 14548 | D:12     | Found Luoho's Magic Scroll Emporium.
 15024 | D:12     | Noticed a tengu warrior
 15030 | D:12     | Killed a tengu warrior
 15030 | D:12     | Reached skill level 5 in Armour
 15030 | D:12     | Reached XP level 12. HP: 59/59 MP: 23/34
 15280 | D:12     | Acquired an uncursed staff of earth
 15304 | D:13     | Noticed Nessos
 15464 | D:13     | Offered knowledge of Iskenderun's Mystic Blast by Vehumet.
 15465 | D:13     | Reached skill level 17 in Spellcasting
 15698 | D:13     | Killed Josephine
 15821 | D:13     | Noticed an orc warlord
 15830 | D:13     | Killed an orc warlord
 15830 | D:13     | Reached skill level 18 in Spellcasting
 16205 | D:13     | Shot with an arrow by Nessos

Illustrated notes

Levels and vault maps discovered:
D:1:      dpeg_arrival_round_b, layout_rooms, minmay_misc_feat_room,
          minmay_misc_feat_five
D:2:      layout_loops_ring
D:3:      layout_basic, lemuel_coloured_pillars_altar, first_ration,
          minmay_misc_feat_alley
D:4:      layout_basic, grunt_decor_clamped, st_stairs_3,
          grunt_decor_one_mirror, uniq_eustachio, uniq_duvessa
D:5:      layout_cave_pools, old_standard_altar, roderic_lattice_a, uniq_grinder
D:6:      layout_basic, trog_eyes_of_draining, kennysheep_little_box,
          chequers_serial_rivers_micro_c
D:7:      layout_loops_ring, minmay_temple_entry_antechambers
D:8:      layout_gridville, minitemple, gammafunk_ghost_hydra_chop,
          serial_shops, shop, uniq_erica
D:9:      layout_small_grid, kennysheep_vampire_church, david_lair_shrubbed,
          basic_altar
D:10:     layout_small_grid, orc_0_dummy, basic_altar, gammafunk_ghost_icy
D:11:     layout_roguey, basic_altar
D:12:     layout_irregular_city, serial_shops, nicolae_shop_waterfront,
          nicolae_shop_waterfront, nicolae_shop_behind_doors,
          nicolae_shop_window_shopping, grunt_tengu_nest
D:13:     orc_temple, layout_loops_corners, uniq_nessos, uniq_josephine
Temple:   minmay_temple_curvy_branch

Skill      XL: |  1  2  3  4  5  6  7  8  9 10 11 12 |
---------------+-------------------------------------+-----
Dodging        | 3 |  3.0
Stealth        | 3 |  3.0
Spellcasting   | 4 5 6 7 8 11 15 16 18 | 18.5
Earth Magic    | 4 5 6 7 9 10 11 12 | 12.0
Conjurations   | 1 2 4 |  4.0
Shields        | 3 4 |  4.0
Armour         | 2 4 5 |  5.0
Transmutations | 2 |  2.0

Action                   |  1- 3 |  4- 6 |  7- 9 | 10-12 || total
-------------------------+-------+-------+-------+-------++-------
Melee: Dagger            |    40 |    46 |    79 |     4 ||   169
       Unarmed           |     1 |       |       |       ||     1
       Staff             |       |       |       |     1 ||     1
 Cast: Sandblast         |    37 |    43 |    45 |    35 ||   160
       Stone Arrow       |     1 |    14 |   110 |   116 ||   241
       Passwall          |       |     1 |     4 |       ||     5
       Lee's Rapid Decon |       |     1 |    24 |   112 ||   137
       Petrify           |       |       |       |    29 ||    29
  Use: Scroll            |       |       |     3 |    13 ||    16
 Stab: Sleeping          |     3 |     2 |       |       ||     5
  Eat: Chunk             |     2 |     8 |    17 |    20 ||    47
       Ration            |       |       |     2 |     1 ||     3
Armor: Robe              |    10 |    14 |    21 |       ||    45
       Leather armour    |       |       |       |    24 ||    24
Dodge: Dodged            |    21 |    55 |    68 |    35 ||   179
Block: Buckler           |       |       |    30 |    18 ||    48
